AoeStats
← The Grand Wazoo

Black Forest

504038241Analyzed
1v1 RM · 1mo ago on Sep 3, 2026· 39m 17s· 2 players
Game mode
Random Map
Map size
Tiny (2 player)
Population
200
Speed
Normal
Resources
Standard
Victory
Conquest
Starting age
Dark Age
Ending age
Imperial Age
RankedLock teamsTeams togetherTeam positionsShared explorationLock speedFull tech treeHidden civsTurbo modeCheats
Victory
Defeat
🇨🇴 Spanish · Colombia
617
+12
🇨🇭 Japanese · Switzerland
535
-12
The Grand Wazoo
2:26 Loom
11:22 Feudal Age
14:13 Wheelbarrow
13:23 Town Watch
15:18 Man-at-Arms
22:01 Double-Bit Axe
21:59 Horse Collar
25:30 Fletching
27:22 Forging
27:21 Padded Archer Armor
31:56 Castle Age
30:36 Forging
33:47 Bodkin Arrow
35:28 Iron Casting
35:17 Ballistics
36:10 Elite Skirmisher
thedarkspray
6:30 Loom
11:21 Feudal Age
12:08 Feudal Age
13:50 Double-Bit Axe
19:40 Fletching
19:50 Padded Archer Armor
21:51 Scale Barding Armor
24:44 Bloodlines
29:11 Castle Age
29:40 Gold Mining
29:21 Elite Skirmisher
30:27 Husbandry
32:07 Leather Archer Armor
Connection lost

Rejoining the realm…

Still unreachable

The connection could not be restored.

Session expired

The server has moved on; the page needs a fresh start.